Map: Éphémèrion EC

Players

SaltMiner

  • Race: Terran Terran
  • League: Master
  • Spawn Location: 11:00

Ricelia - Winner!

  • Race: Protoss Protoss
  • League: Master
  • Spawn Location: 5:00

VOD

Have the link to the VOD?

Description

Time

  • Played on: Jan. 8, 2020, 12:40 p.m.
  • Length: 4:17
Show
View Real Time Build Order
Export as new Build Order

SaltMiner Terran 

Build Orders:  

Get SALT Encoding   

  12  0:00  SCV  
  13  0:12  SCV  
  14  0:17  Supply Depot  
  14  0:24  SCV  
  15  0:38  SCV  
  15  0:39  Barracks  
  16  0:45  Refinery  
  16  0:50  SCV  
  17  1:03  Barracks  
  17  1:04  SCV  
  18  1:16  SCV  
  19  1:26  Marine  
  19  1:29  Orbital Command  
  20  1:39  Supply Depot  
  20  1:45  Barracks Reactor  
  20  1:50  Supply Depot  
  20  1:51  Barracks Tech Lab  
  20  1:56  SCV  
  21  2:08  SCV  
  21  2:14  Concussive Shells, Marauder  
  24  2:20  Marine  
  24  2:21  Marine  
  24  2:22  SCV  
  27  2:25  Supply Depot  
  27  2:39  Marine x2, Marauder, SCV  
  32  2:51  SCV  
  32  2:52  Bunker  
  32  2:54  Refinery  
  32  2:57  Marine x2  
  34  3:00  Marauder  
  33  3:32  Supply Depot  
  35  3:34  Marauder  
  31  3:52  Barracks Reactor  
  28  4:00  SCV  
Show
View Real Time Build Order
Export as new Build Order

Ricelia Protoss - Winner!

Build Orders:  

Get SALT Encoding   

  12  0:01  Probe  
  13  0:13  Probe  
  14  0:19  Pylon  
  14  0:25  Probe  
  15  0:32  Pylon  
  15  0:37  Probe (Chrono Boost)  
  16  0:47  Probe (Chrono Boost)  
  17  0:51  Gateway  
  17  0:52  Probe (Chrono Boost)  
  18  0:59  Assimilator  
  18  1:03  Probe  
  19  1:13  Gateway  
  19  1:16  Probe  
  20  1:25  Gateway  
  20  1:29  Assimilator  
  20  1:39  Cybernetics Core  
  20  1:42  Probe  
  21  1:50  Zealot  
  23  2:14  Stalker x2 (Chrono Boost)  
  29  2:24  Stalker (Chrono Boost)  
  29  2:35  Pylon  
  29  2:39  Stalker  
  31  2:53  Stalker  
  31  2:54  Shield Battery  
  31  2:55  Shield Battery  
  31  2:57  Stalker  
  35  3:15  Pylon  
  33  3:28  Stalker x2  
  37  3:34  Shield Battery  
  37  3:45  Stalker  
Tags
 
Add a new tag
Caveats
  • Supply blocks, unpowered buildings, or Contaminate may cause inaccurate times.
  • Supply counts are checked every 10 seconds.